 Dungeon Sprint DCSS version 0.30-a0-297-g0ec75d9ef4 (webtiles) character file.

Game seed: 2670109245571192710

954 Low2 the Cruncher (level 7, -2/67 HPs)
             Began as a Minotaur Gladiator on Oct 19, 2022.
             Was a Follower of Makhleb.
             Slain by an ufetubus (3 damage)
             ... summoned by a kobold demonologist
             ... in the Dungeon (Sprint I: "Red Sonja").
             The game lasted 00:05:59 (707 turns).

Low2 the Cruncher (Minotaur Gladiator)               Turns: 707, Time: 00:05:59

Health: -2/67      AC: 12    Str: 19    XL:     7   Next: 90%
Magic:  6/6        EV:  9    Int:  5    God:    Makhleb [*.....]
Gold:   28         SH:  0    Dex: 13    Spells: 6/6 levels left

rFire   . . .      SeeInvis .    m - +1 dagger (venom)
rCold   . . .      Faith    .    (no shield)
rNeg    . . .      Spirit   .    l - +1 plate armour {rPois}
rPois   +          Reflect  .    c - +0 hat
rElec   .          Harm     .    (no cloak)
rCorr   .          Rampage  .    (no gloves)
Will    .....      NoTele   +    (no boots)
Stlth   ..........               (no amulet)
HPRegen 0.31/turn                (no ring)
MPRegen 0.10/turn                (no ring)

@: on berserk cooldown, slowed, very slow
A: horns 2, retaliatory headbutt
a: Renounce Religion


You were in the Dungeon.
You worshipped Makhleb.
Makhleb was aware of your devotion.
You visited 1 branch You collected 444 gold pieces.
You spent 416 gold pieces at shops.

Inventory:

Hand Weapons
 a - a +0 quarterstaff
 m - a +1 dagger of venom (weapon)
Armour
 b - a +0 leather armour
 c - a +0 hat (worn)
 l - a +1 plate armour of poison resistance (worn)
Wands
 d - a wand of digging (6)
Potions
 h - a potion of haste
 i - 2 potions of magic


   Skills:
 + Level 7.9 Fighting
 + Level 4.2 Short Blades
 + Level 11.9 Staves
 + Level 7.3 Throwing
 + Level 4.2 Armour
 + Level 10.7 Dodging
 + Level 1.7 Stealth
 + Level 0.3 Evocations


You had 6 spell levels left.
You didn't know any spells.
Your spell library was empty.

Dungeon Overview and Level Annotations

Branches:
Dungeon (1/1)

Altars:
Cheibriados
Dithmenos
Elyvilon
Fedhas
Gozag
Hepliaklqana
Kikubaaqudgha
Makhleb
Nemelex Xobeh
Okawaru
Qazlal
Ru
Sif Muna
Trog
Uskayaw
Vehumet
Wu Jian
Xom
Yredelemnul
Zin
The Shining One
Jiyva
Lugonu

Shops:
D [


Innate Abilities, Weirdness & Mutations

You have a pair of horns on your head.
You reflexively headbutt those who attack you in melee.


Message History

You closely miss the kobold demonologist.
You headbutt the kobold demonologist, but do no damage.
The kobold demonologist is heavily wounded.
You are too berserk!
The shadow imp hits you but does no damage.
There is a bloodstained altar of Trog here.
You closely miss the kobold demonologist.
Your headbutt misses the kobold demonologist.
The kobold demonologist is heavily wounded.
The kobold demonologist hits you but does no damage.
The shadow imp barely misses you. You furiously retaliate!
You headbutt the shadow imp!
You kill the shadow imp!
The shadow imp disappears in a puff of smoke!
You are no longer berserk.
You are exhausted.
You feel yourself slow down.
There is a blossoming altar of Fedhas here.
Aiming: Fastroot
Press: ? - help, Q - select action Shift-Dir - straight line, p - kobold demonologist The roots erupt in riotous growth!
Roots grab the kobold demonologist.
Roots grab the ufetubus.
Roots grab the quasit.
The now-empty wand crumbles to dust.
The grasping roots constrict the kobold demonologist.
The grasping roots constrict the ufetubus.
The grasping roots constrict the quasit.
The roots release their grip on the quasit.
The ufetubus closely misses you. The ufetubus barely misses you.
The quasit bites you but does no damage.
The quasit closely misses you. The quasit claws you.
* * * LOW HITPOINT WARNING * * *
The kobold demonologist gestures wildly while chanting.
The ufetubus hits you but does no damage. x2
The quasit bites you but does no damage.
The quasit claws you but does no damage.
The quasit barely misses you.
The kobold demonologist barely misses you.
The ufetubus barely misses you. The ufetubus hits you.
You die...

########################
#<.#..)..#..'..#__#5K335
#..[..#..').#..5..545#.4
#..#####'#####'#__#### 5
#..####..#...#.####
#..#__####..##.#
#..#__5@_##'#_.+
#⌠⌠#_.K54.'..._#
####_..__##_.#'#
#_____###+#.# #######
###


You could see a kobold demonologist (rooted), a chaos spawn (summoned), a quasit
(summoned) and an ufetubus (summoned, rooted).

Vanquished Creatures
  A kobold demonologist (D)
  A slime creature (D)
  Sigmund (D)
  A yak (D)
  A floating eye (D)
  An ogre (D)
  A jelly (D)
  Ijyb (D)
8 creatures vanquished.

Notes
Turn   | Place    | Note
-------+----------+-------------------------------------------
     0 | D        | Low2 the Minotaur Gladiator began the quest for the Orb.
     0 | D        | Reached XP level 1. HP: 18/18 MP: 0/0
     2 | D        | Noticed Ijyb
    13 | D        | Killed Ijyb
    14 | D        | Reached skill level 5 in Staves
    14 | D        | Reached XP level 2. HP: 12/26 MP: 1/1
   109 | D        | Noticed an ogre
   115 | D        | Killed an ogre
   116 | D        | Reached skill level 7 in Staves
   116 | D        | Reached skill level 1 in Armour
   116 | D        | Reached XP level 3. HP: 34/34 MP: 2/2
   116 | D        | Reached XP level 4. HP: 41/41 MP: 3/3
   131 | D        | Noticed Sigmund
   139 | D        | Killed Sigmund
   140 | D        | Reached skill level 5 in Fighting
   140 | D        | Reached skill level 9 in Staves
   140 | D        | Reached skill level 5 in Throwing
   140 | D        | Reached XP level 5. HP: 41/50 MP: 4/4
   188 | D        | Found an ornate altar of the Wu Jian Council.
   188 | D        | Found a shimmering blue altar of Sif Muna.
   190 | D        | Found a radiant altar of Vehumet.
   196 | D        | Reached XP level 6. HP: 31/57 MP: 5/5
   311 | D        | Found a burning altar of Makhleb.
   311 | D        | Found a viscous altar of Jiyva.
   311 | D        | Found a shimmering altar of Xom.
   311 | D        | Found a corrupted altar of Lugonu.
   311 | D        | Noticed a slime creature
   324 | D        | Killed a slime creature
   325 | D        | Reached skill level 10 in Staves
   462 | D        | Became a worshipper of Makhleb the Destroyer
   491 | D        | Found Meoh's Armour Emporium.
   491 | D        | Found an ancient bone altar of Kikubaaqudgha.
   491 | D        | Found a hazy altar of Hepliaklqana.
   491 | D        | Found a stormy altar of Qazlal.
   491 | D        | Found a hide-covered altar of Uskayaw.
   491 | D        | Found a blossoming altar of Fedhas.
   491 | D        | Found a bloodstained altar of Trog.
   491 | D        | Found an iron altar of Okawaru.
   491 | D        | Found a basalt altar of Yredelemnul.
   491 | D        | Found a glowing golden altar of the Shining One.
   491 | D        | Found a snail-covered altar of Cheibriados.
   491 | D        | Found a sacrificial altar of Ru.
   491 | D        | Found a glowing silver altar of Zin.
   491 | D        | Found a shadowy altar of Dithmenos.
   491 | D        | Found a white marble altar of Elyvilon.
   491 | D        | Noticed a yak
   499 | D        | Killed a yak
   500 | D        | Reached skill level 11 in Staves
   500 | D        | Reached skill level 10 in Dodging
   500 | D        | Reached skill level 1 in Stealth
   500 | D        | Reached XP level 7. HP: 26/66 MP: 6/6
   500 | D        | Found an opulent altar of Gozag.
   501 | D        | Found a sparkling altar of Nemelex Xobeh.
   505 | D        | Bought a +1 plate armour of poison resistance for 416 gold
                  | pieces
   646 | D        | Noticed a kobold demonologist
   647 | D        | Noticed a kobold demonologist
   649 | D        | Noticed a red devil
   650 | D        | Noticed a smoke demon
   650 | D        | Noticed a rust devil
   659 | D        | Noticed a hellwing
   661 | D        | Noticed a hellwing
   662 | D        | Killed a kobold demonologist
   662 | D        | Reached * piety under Makhleb
   680 | D        | Noticed a sun demon
   700 | D        | HP: 5/100 [sun demon[a kobold demonologist] (17)]
   701 | D        | HP: 2/100 [ufetubus[a kobold demonologist] (3)]
   707 | D        | HP: 1/67 [quasit[a kobold demonologist] (2)]
   707 | D        | Slain by an ufetubus

Illustrated notes

Levels and vault maps discovered:
D:        dungeon_sprint_1 [red_sonja_temple_1, red_sonja_temple_small_1]

Skill      XL: |  1  2  3  4  5  6  7 |
---------------+----------------------+-----
Fighting       | 3 4 5 6 7 |  7.9
Staves         | 5 7 9 11 | 11.9
Dodging        | 4 6 8 10 | 10.7
Throwing       | 4 5 6 7 |  7.3
Armour         | 1 2 4 |  4.2
Short Blades   | 2 3 4 |  4.2
Stealth        | 1 |  1.7
Evocations     | |  0.3

Action                   |  1- 3 |  4- 6 |  7- 9 || total
-------------------------+-------+-------+-------++-------
Melee: Quarterstaff      |     8 |       |       ||     8
       Headbutt          |     3 |     9 |     4 ||    16
       Dagger            |     3 |    27 |    24 ||    54
       Punch             |       |     1 |       ||     1
Throw: Throwing net      |     5 |     2 |       ||     7
       Javelin           |     1 |     2 |     1 ||     4
Evoke: Wand              |       |       |     8 ||     8
  Use: Potion            |       |       |     3 ||     3
       Scroll            |       |       |     1 ||     1
 Stab: Held in net/web   |     1 |     1 |       ||     2
Armor: Plate armour      |       |       |    21 ||    21
Dodge: Dodged            |     3 |     7 |    15 ||    25

Table legend: (Time is in decaauts)
 A = Elapsed time spent in this place.
 B = Non-inter-level travel time spent in this place.
 C = Inter-level travel time spent in this place.
 D = Time resting spent in this place.
 E = Time spent auto-exploring this place.
 F = Levels seen in this place.
 G = Mean time per level.
                   A        B        C        D        E       F      G
               +--------+--------+--------+--------+--------+-----+--------+
         Total |    694 |    694 |      0 |    421 |      0 |   1 |  694.0 |
       Dungeon |    694 |    694 |      0 |    421 |      0 |   1 |  694.0 |
               +--------+--------+--------+--------+--------+-----+--------+

Top non-repeatable levels by time:
       D: 694 daAuts
